 Dungeon Crawl Stone Soup version 0.30.1-11-g7821555f0a (webtiles) character file.

Game seed: 13927096387438249523

103898 Wiggles the Executioner (level 15, -3/217 HPs)
             Began as a Minotaur Berserker on Dec 5, 2023.
             Was a High Priest of Trog.
             Killed by divine providence
             ... invoked by an orc high priest
              (13 damage)
             ... on level 2 of the Orcish Mines.
             The game lasted 00:38:01 (24053 turns).

Wiggles the Executioner (Minotaur Berserker)       Turns: 24053, Time: 00:38:01

Health: -3/217     AC: 31    Str: 29    XL:     15   Next: 90%
Magic:  14/14      EV:  2    Int:  4    God:    Trog [*****.]
Gold:   2104       SH:  5    Dex: 10    Spells: 14/14 levels left

rFire   . . .        J - +6 executioner's axe (flame)
rCold   . . .        (shield currently unavailable)
rNeg    . . .        H - melded +3 chain mail
rPois   +            (helmet currently unavailable)
rElec   .            Q - melded +2 cloak
rCorr   .            B - melded +0 pair of gloves
SInv    .            K - melded +2 pair of boots {Stlth+}
Will    ++...        L - amulet of reflection
Stlth   ++           P - ring "Vofom" {Will+ Slay+3}
HPRegen 0.56/turn    d - +4 ring of protection
MPRegen 0.14/turn

%: reflection
@: tree-form, studying Armour
A: stationary, stasis, torment immunity, boosted hp, (horns 2), (retaliatory
headbutt)
a: Renounce Religion, Berserk, Trog's Hand, Brothers in Arms


You were on level 2 of the Orcish Mines.
You worshipped Trog.
Trog was extremely pleased with you.
You were a tree.
You visited 3 branches of the dungeon, and saw 22 of its levels.
You also visited: Sewer and Bailey.

You collected 2156 gold pieces.
You spent 52 gold pieces at shops.

Inventory:

Hand Weapons
 J - a +6 executioner's axe of flaming (weapon)
 R - the +8 mithril axe "Arga" {speed, Will+}
   (You acquired it on level 5 of the Lair of Beasts)

   Will:      It increases your willpower.
Missiles
 e - 6 throwing nets (quivered)
Armour
 A - a +0 plate armour
 B - a +0 pair of gloves (melded)
 H - a +3 chain mail (melded)
 K - a +2 pair of boots of stealth (melded)
 Q - a +2 cloak (melded)
Jewellery
 c - a ring of resist corrosion
 d - a +4 ring of protection (right branch)
 j - a ring of protection from cold
 o - a ring of poison resistance
 s - a ring of protection from fire
 I - a +4 ring of protection
 L - an amulet of reflection (around neck)
 N - a +5 ring of evasion
 P - the ring "Vofom" (left branch) {Will+ Slay+3}
   (You found it on level 5 of the Lair of Beasts)

   [ring of willpower]

   Slay:      It affects your accuracy & damage with ranged weapons and melee
   (+3).
   Will:      It increases your willpower.
Wands
 i - a wand of iceblast (13)
 r - a wand of flame (29)
 E - a wand of paralysis (20)
 F - a wand of acid (6)
 M - a wand of mindburst (2)
Scrolls
 g - 11 scrolls of teleportation
 l - 6 scrolls of butterflies
 m - 5 scrolls of poison
 x - 5 scrolls of fear
 y - 20 scrolls of identify
 C - 2 scrolls of silence
 O - a scroll of fog
 S - 3 scrolls of magic mapping
 T - a scroll of blinking
Potions
 a - 5 potions of lignification
 f - 3 potions of invisibility
 h - 4 potions of flight
 k - 16 potions of curing
 n - 3 potions of resistance
 p - 3 potions of cancellation
 q - 10 potions of ambrosia
 u - 10 potions of mutation
 v - 4 potions of haste
 D - 7 potions of magic
 G - 2 potions of attraction
 U - a potion of might
Miscellaneous
 w - a phantom mirror
 V - a phial of floods
 W - a tin of tremorstones (2/2)
 X - a lightning rod (4/4)
 Y - a piece from Xom's chessboard (15/15)


   Skills:
 + Level 16.4 Fighting
 + Level 23.5 Axes
 + Level 14.6 Armour
 + Level 8.2 Dodging
 + Level 4.6 Stealth
 + Level 6.0 Shields
 + Level 0.8 Evocations


You had 14 spell levels left.
You didn't know any spells.
Your spell library was empty.

Dungeon Overview and Level Annotations

Branches:
Dungeon (15/15)            Temple (0/1) D:5            Lair (5/5) D:9
 Shoals (0/4) Lair:3       Spider (0/4) Lair:2        Slime (0/5) Lair:5
    Orc (1/2) D:9          Vaults (0/5) D:13         Depths (0/4) D:15
  Sewer (visited)          Bailey (visited)

Altars:
Ashenzari
Dithmenos
Fedhas
Kikubaaqudgha
Nemelex Xobeh
Okawaru
Ru
Trog
Xom
Yredelemnul
Zin
Jiyva

Shops:
D:5 **


Innate Abilities, Weirdness & Mutations

You are a tree.
Your roots penetrate the ground, keeping you stationary.
You cannot be teleported.
You are immune to unholy pain and torment.
Your maximum health is greatly increased.
Your equipment is partially melded.
((You have a pair of horns on your head.))
((You reflexively headbutt those who attack you in melee.))


Message History

You slice the orc priest!! You burn the orc priest.
You kill the orc priest!
Trog accepts your kill.
You closely miss the orc warrior.
The orc knight no longer looks unusually strong.
Your deep troll bites the orc warrior but does no damage.
Your deep troll closely misses the orc warrior.
Your deep troll claws the orc warrior!
The orc warrior dies!
Trog accepts your kill.
The orc priest looks satisfied for a moment.
The orc high priest hits you from afar with a +0 trident!
* * * LOW HITPOINT WARNING * * *
The orc knight barely misses you.
The orc priest looks encouraged for a moment.
The orc knight hits you but does no damage.
The orc knight roars a battlecry!
The orc knight goes into a battle-frenzy!
The orc hits your deep troll with a +0 whip.
The orc high priest invokes the aid of Beogh against you.
Beogh smites you!
* * * LOW HITPOINT WARNING * * *
The orc warrior barely misses your deep troll.
The orc warrior hits you but does no damage.
You hear a shout!
You chop the orc knight into pieces!!! You burn the orc knight!
You kill the orc knight!
Trog accepts your kill.
You barely miss the orc priest. You slice the orc warrior!!
You burn the orc warrior.
You kill the orc warrior!
Trog accepts your kill.
Your deep troll bites the orc!!
The orc dies!
Trog accepts your kill.
The orc high priest hits you but does no damage.
The orc knight completely misses you.
The orc high priest invokes the aid of Beogh against you.
Beogh smites you!
You die...

#### ##....
###......
##)..)....
###.4).)....
#.#.#)#)#o#4#.#.
..ooooT))o.....
...o#.#♣44o....
..oo.ooo)o......
#.#.#.#.#o#.#.#.
.o.###.........
... ##........
.# ##..... ##...
###


You could see 2 orc knights, 3 orc high priests, 2 rust devils, a chaos spawn
(summoned), a red devil (summoned), 4 orc warriors, 4 orc priests, an orc
(strong) and a friendly deep troll (summoned, berserk).

Vanquished Creatures
  Rupert (Lair:3)
  A frost giant (D:15)
  A very ugly thing (D:14)
  A stone giant (D:15)
  Nessos (Lair:4)
  The ghost of rozman the Carver, a journeyman HOBe of Trog (Lair:2)
  An ettin (shapeshifter) (D:15)
  Erolcha (D:13)
  Harold (D:10)
  2 vault guards (D:13)
  4 hydras
  An ogre mage (D:11)
  3 catoblepae
  An ice dragon (D:13)
  2 boulder beetles
  2 two-headed ogres
  3 death yaks (D:12)
  The ghost of Selrock the Fighter, a novice DsGl of Qazlal (D:10)
  2 dancing weapons
  8 centaur warriors
  4 tengu warriors
  3 orc high priests
  Nergalle (D:11)
  A fire crab (Lair:5)
  3 skysharks
  2 skeletal warriors (D:14)
  8 orc knights
  A wizard (D:14)
  2 deep elf pyromancers
  3 oklob plants (Lair:2)
  2 orc sorcerers (D:13)
  7 cyclopes
  A deep elf zephyrmancer (D:14)
  10 ugly things
  7 manticores
  A wolf spider (Lair:2)
  10 elephants
  8 cane toads
  An unseen horror (D:11)
  A cane toad (shapeshifter) (D:15)
  A gargoyle (D:13)
  4 black mambas
  9 kobold demonologists
  4 rime drakes
  9 komodo dragons
  3 freezing wraiths
  An efreet (D:14)
  A tengu conjurer (D:14)
  2 yaktaurs (D:14)
  7 trolls
  10 polar bears
  A queen bee (D:9)
  7 hornets
  A dream sheep (Lair:5)
  A wind drake (Lair:3)
  15 blink frogs
  A slime creature (D:15)
  A centaur simulacrum (D:14)
  A wyvern (D:6)
  12 spriggans (Lair:5)
  5 vampires
  3 wraiths
  59 yaks
  6 basilisks
  A vampire mosquito (D:11)
  2 steam dragons
  4 acid dragons
  2 hell hounds (Lair:4)
  9 water moccasins
  21 orc warriors
  2 sky beasts
  3 black bears
  An ogre (Orc:1)
  22 wolves
  4 boggarts (Lair:5)
  19 centaurs
  3 phantoms
  5 kobold brigands
  8 bullfrogs
  4 scorpions
  8 wights (D:8)
  25 killer bees
  7 howler monkeys
  An electric eel (D:12)
  3 hounds
  A jelly (D:4)
  11 orc priests
  4 gnoll boudas
  A sleepcap (D:5)
  2 iguanas (D:6)
  11 orc wizards
  A mummy (D:8)
  20 gnolls
  13 adders
  6 river rats (Sewer)
  4 shadow imps
  A white imp (D:8)
  An ufetubus (D:7)
  A worm (D:3)
  2 dart slugs
  50 orcs
  13 ball pythons
  6 bats
  16 endoplasms
  5 giant cockroaches
  10 goblins
  5 hobgoblins
  6 jackals
  30 kobolds
  7 quokkas
  4 frilled lizards
  2 kobold zombies (D:8)
  2 orc zombies (D:8)
  27 rats
694 creatures vanquished.

Vanquished Creatures (collateral kills)
  A caustic shrike (shapeshifter) (D:15)
  The ghost of Jiecrehi the Severer, a journeyman DDFi of Makhleb (D:15)
  An orc high priest (Orc:2)
  3 skeletal warriors (D:14)
  A deep elf archer (D:14)
  A deep elf pyromancer (D:14)
  An orc knight (Orc:2)
  A cyclops (D:14)
  A freezing wraith (D:14)
  A basilisk (D:14)
  3 orc warriors (Orc:2)
  2 orc priests (Orc:2)
  2 orcs (Orc:2)
19 creatures vanquished.

Vanquished Creatures (others)
  A wolf (Lair:5)
1 creature vanquished.

Grand Total: 714 creatures vanquished

Notes
Turn   | Place    | Note
-------+----------+-------------------------------------------
     0 | D:1      | Wiggles the Minotaur Berserker began the quest for the Orb.
     0 | D:1      | Reached XP level 1. HP: 19/19 MP: 0/0
   137 | D:1      | Reached XP level 2. HP: 26/27 MP: 1/1
   287 | D:1      | Reached skill level 4 in Axes
   805 | D:1      | Reached XP level 3. HP: 33/33 MP: 2/2
  1128 | D:2      | Found a shadowy altar of Dithmenos.
  1411 | D:2      | Reached XP level 4. HP: 19/41 MP: 3/3
  1537 | D:2      | Reached ** piety under Trog
  1985 | D:3      | Reached skill level 5 in Axes
  1985 | D:3      | Reached XP level 5. HP: 39/47 MP: 4/4
  2930 | D:4      | Identified the +3 ring mail "Maewk" {Stlth+}
  3388 | D:5      | Entered Level 5 of the Dungeon
  3389 | D:5      | Noticed a phantom
  3400 | D:5      | Killed a phantom
  3401 | D:5      | Reached skill level 6 in Axes
  3401 | D:5      | Reached XP level 6. HP: 55/55 MP: 5/5
  3543 | D:5      | Found Ores's Specific Store.
  3547 | D:5      | Found Iskefeamer's General Store.
  3553 | D:5      | Bought a +0 war axe for 52 gold pieces
  3602 | D:5      | Found a glowing drain.
  3605 | D:5      | Reached *** piety under Trog
  3619 | Sewer    | Entered a sewer
  3900 | Sewer    | Reached skill level 5 in Fighting
  3915 | Sewer    | Reached **** piety under Trog
  3953 | Sewer    | Reached XP level 7. HP: 53/61 MP: 6/6
  3958 | Sewer    | Reached skill level 7 in Axes
  3958 | Sewer    | Reached skill level 5 in Armour
  4195 | D:5      | Found a staircase to the Ecumenical Temple.
  4447 | D:5      | Reached skill level 1 in Stealth
  4796 | D:6      | Found a shadowy altar of Dithmenos.
  4820 | D:6      | Reached skill level 8 in Axes
  4826 | D:6      | Reached XP level 8. HP: 43/70 MP: 7/7
  5009 | D:6      | Noticed a komodo dragon
  5018 | D:6      | Killed a komodo dragon
  5019 | D:6      | Reached skill level 5 in Dodging
  5309 | D:6      | Found a sparkling altar of Nemelex Xobeh.
  5327 | D:6      | Reached skill level 9 in Axes
  5805 | D:6      | Reached skill level 10 in Axes
  5805 | D:6      | Reached XP level 9. HP: 54/79 MP: 8/8
  6146 | D:7      | Reached ***** piety under Trog
  6289 | D:7      | Found an ancient bone altar of Kikubaaqudgha.
  6320 | D:7      | Reached skill level 11 in Axes
  6344 | D:7      | Found a blossoming altar of Fedhas.
  6470 | D:7      | Found a broken altar of Ashenzari.
  6627 | D:7      | Found an iron altar of Okawaru.
  6887 | D:8      | Reached skill level 12 in Axes
  7053 | D:8      | Reached XP level 10. HP: 60/88 MP: 9/9
  7898 | D:8      | Found a basalt altar of Yredelemnul.
  8094 | D:9      | Found a sacrificial altar of Ru.
  8111 | D:9      | Found a staircase to the Orcish Mines.
  8115 | D:9      | Received a gift from Trog
  8250 | D:9      | Reached skill level 13 in Axes
  8398 | D:9      | Found a staircase to the Lair.
  9149 | D:9      | Reached skill level 14 in Axes
  9186 | D:10     | Entered Level 10 of the Dungeon
  9210 | D:10     | Reached XP level 11. HP: 97/97 MP: 10/10
  9249 | D:10     | Noticed Harold
  9265 | D:10     | Killed Harold
  9393 | D:10     | Found a bloodstained altar of Trog.
  9479 | D:10     | Reached ****** piety under Trog
  9483 | D:10     | Reached skill level 15 in Axes
  9485 | D:10     | Reached skill level 10 in Fighting
  9599 | D:10     | Noticed a two-headed ogre
  9606 | D:10     | Killed a two-headed ogre
  9606 | D:10     | Received a gift from Trog
  9710 | D:10     | Found a runed translucent door.
  9711 | D:10     | Found a shimmering altar of Xom.
  9711 | D:10     | Noticed Selrock's ghost (novice DsGl)
  9711 | D:10     | Noticed a +2 war axe of chaos
  9725 | D:10     | Killed a +2 war axe of chaos
  9732 | D:10     | Killed Selrock's ghost
  9914 | D:10     | Found a flagged portal.
  9926 | Bailey   | Entered a bailey
  9986 | Bailey   | Found a large runed translucent door.
  9986 | Bailey   | Found a large runed translucent door.
  9988 | Bailey   | Noticed an orc knight
  9988 | Bailey   | Noticed a deep elf pyromancer
 10023 | Bailey   | Killed an orc knight
 10187 | Bailey   | Killed a deep elf pyromancer
 10188 | Bailey   | Reached skill level 16 in Axes
 10486 | D:11     | Noticed Nergalle
 10488 | D:11     | Noticed a white ugly thing
 10492 | D:11     | Killed Nergalle
 10498 | D:11     | Killed a white ugly thing
 10556 | Lair:1   | Entered Level 1 of the Lair of Beasts
 10728 | Lair:1   | Reached XP level 12. HP: 108/108 MP: 11/11
 11182 | Lair:1   | Reached skill level 17 in Axes
 11575 | Lair:2   | Reached skill level 10 in Armour
 11724 | Lair:2   | Noticed a catoblepas
 11732 | Lair:2   | Killed a catoblepas
 11760 | Lair:2   | Found a runed translucent door.
 11760 | Lair:2   | Found a shimmering altar of Xom.
 11760 | Lair:2   | Noticed rozman's ghost (journeyman HOBe)
 11775 | Lair:2   | Killed rozman's ghost
 11965 | Lair:2   | Found a sparkling altar of Nemelex Xobeh.
 12399 | Lair:2   | Found a hole to the Spider Nest.
 12830 | Lair:3   | Reached skill level 1 in Shields
 12831 | Lair:3   | Reached skill level 18 in Axes
 12839 | Lair:3   | Noticed Rupert
 12852 | Lair:3   | Killed Rupert
 13265 | Lair:3   | Received a gift from Trog
 13392 | Lair:3   | Noticed a boulder beetle
 13396 | Lair:3   | Killed a boulder beetle
 13521 | Lair:3   | Reached XP level 13. HP: 64/118 MP: 12/12
 13660 | Lair:3   | Found a staircase to the Shoals.
 13987 | Lair:4   | You fall into a shaft and drop 1 floor!
 13987 | Lair:5   | Entered Level 5 of the Lair of Beasts
 13999 | Lair:5   | Reached skill level 19 in Axes
 14009 | Lair:5   | Identified the ring "Vofom" {Will+ Slay+3}
 14020 | Lair:5   | Identified a scroll of acquirement
 14020 | Lair:5   | Acquired the +8 mithril axe "Arga" {speed, Will+}
 14020 | Lair:5   | Found the +8 mithril axe "Arga" {speed, Will+}
 14765 | Lair:5   | Reached skill level 20 in Axes
 14899 | Lair:5   | Received a gift from Trog
 15504 | Lair:4   | Noticed Nessos
 15509 | Lair:4   | Killed Nessos
 15900 | Lair:5   | Reached XP level 14. HP: 115/130 MP: 13/13
 16600 | Lair:5   | Found a viscous altar of Jiyva.
 16601 | Lair:5   | Found a staircase to the Slime Pits.
 17514 | D:11     | Identified the +9 trident "Ubra" {flame, Will++}
 18427 | D:12     | Reached skill level 21 in Axes
 18857 | D:12     | Received a gift from Trog
 18857 | D:12     | Found the +7 Spriggan's Knife {stab, EV+4 Stlth+}
 19029 | D:12     | Found a blossoming altar of Fedhas.
 19655 | D:13     | Noticed Erolcha
 19681 | D:13     | Killed Erolcha
 19682 | D:13     | Reached skill level 15 in Fighting
 19944 | D:13     | Found a gate to the Vaults.
 19968 | D:13     | Reached skill level 5 in Shields
 20498 | D:13     | Reached skill level 22 in Axes
 20508 | D:13     | Reached XP level 15. HP: 132/141 MP: 14/14
 21243 | D:14     | Identified the +1 robe "Zeewk" {rC+ Dex+3}
 21247 | D:14     | Received a gift from Trog
 21618 | D:14     | Found a glowing silver altar of Zin.
 21641 | D:14     | HP: 7/141 [skeletal warrior/+0 glaive (5)]
 22395 | D:15     | Entered Level 15 of the Dungeon
 22464 | D:15     | Found a staircase to the Depths.
 22648 | D:15     | Found a runed translucent gate.
 22649 | D:15     | Found a runed translucent gate.
 22650 | D:15     | Found a runed translucent gate.
 22653 | D:15     | Noticed Jiecrehi's ghost (journeyman DDFi)
 22658 | D:15     | Noticed a frost giant
 23264 | D:15     | Noticed an iron dragon
 23271 | D:15     | an iron dragon changed into a caustic shrike
 23271 | D:15     | Noticed a caustic shrike (glowing shapeshifter)
 23272 | D:15     | a caustic shrike changed into an alligator snapping turtle
 23274 | D:15     | an alligator snapping turtle changed into an iron giant
 23274 | D:15     | Noticed an iron giant (glowing shapeshifter)
 23276 | D:15     | an iron giant changed into an iron dragon
 23276 | D:15     | Noticed an iron dragon (glowing shapeshifter)
 23284 | D:15     | Noticed a shard shrike
 23287 | D:15     | a shard shrike changed into a titan
 23287 | D:15     | Noticed a titan (glowing shapeshifter)
 23288 | D:15     | a titan changed into a rockslime
 23288 | D:15     | Noticed a rockslime (glowing shapeshifter)
 23290 | D:15     | a rockslime changed into a titan
 23290 | D:15     | Noticed a titan (glowing shapeshifter)
 23293 | D:15     | a titan changed into a caustic shrike
 23293 | D:15     | Noticed a caustic shrike (glowing shapeshifter)
 23295 | D:15     | Reached skill level 23 in Axes
 23297 | D:15     | a caustic shrike changed into a golden dragon
 23297 | D:15     | Noticed a golden dragon (glowing shapeshifter)
 23298 | D:15     | Killed a frost giant
 23299 | D:15     | a golden dragon changed into a caustic shrike
 23299 | D:15     | Noticed a caustic shrike (glowing shapeshifter)
 23300 | D:15     | Killed a caustic shrike
 23305 | D:15     | Killed Jiecrehi's ghost
 23691 | Orc:1    | Entered Level 1 of the Orcish Mines
 24032 | Orc:1    | You fall into a shaft and drop 1 floor!
 24032 | Orc:2    | Entered Level 2 of the Orcish Mines
 24039 | Orc:2    | Received a gift from Trog
 24052 | Orc:2    | HP: 9/217 [orc high priest/divine providence (10)]
 24053 | Orc:2    | Killed from afar by an orc high priest

Illustrated notes

Levels and vault maps discovered:
D:1:      saegor_arrival_simple_d, layout_loops_ring, serial_forest,
          infiniplex_forest_clump_double, infiniplex_forest_straight_4,
          infiniplex_forest_corner_1, infiniplex_forest_diagonal,
          infiniplex_forest_straight_4, infiniplex_forest_corner_2,
          infiniplex_forest_lined_room_3, infiniplex_forest_clump_long,
          infiniplex_forest_end_2, st_stairs_11
D:2:      layout_rooms, basic_altar
D:3:      layout_loops_corners, nrook_loot_triangle, grunt_decor_arrowhead,
          minmay_misc_feat_rugged
D:4:      layout_basic
D:5:      layout_basic, minmay_temple_entry_stoned_glass, portal_sewer_entry_f,
          nicolae_specific_store, chequers_serial_rivers_micro_a,
          kennysheep_big_empty_room, hangedman_abyss_or_decor_jellyfish_corner
D:6:      layout_gridville, mainiacjoe_overflow_paths, lemuel_round_altar,
          minmay_divided_ellipse
D:7:      layout_rooms, okawaru_altar_gauntlet_db,
          mainiacjoe_overflow_tiny_flanked, mainiacjoe_overflow_catwalk_spiral,
          kennysheep_generic_room_3
D:8:      layout_gridville, marbit_many_paths, minmay_mini_ossuary
D:9:      layout_long_grid, nicolae_ru_path_of_blood, david_lair_shrubbed,
          david_orc_3, special_room [special_room_bee]
D:10:     layout_roguey, mainiacjoe_overflow_small_starburst, enter_bailey_3,
          ebering_ghost_xom, uniq_harold
D:11:     minmay_inside_and_out, layout_rooms, uniq_nergalle
D:12:     argonaut_augean_stables, layout_loops_corners, fedhas_altar_fruit_tree
D:13:     layout_basic, grunt_vaults_entry_fortified,
          portal_ice_cave_entry_animals_and_master, uniq_erolcha
D:14:     minmay_dotted_concentric_squares, layout_long_grid,
          roderic_serpentine_path, zin_academy
D:15:     grunt_enter_depths_snipers, layout_basic, gammafunk_ghost_split,
          serial_glass, glass_columns_c, glass_columns_b, glass_columns_b,
          glass_columns_c
Lair:1:   layout_hall_layers, nicolae_quartered_pool_medium
Lair:2:   dpeg_oklob_gauntlet, layout_cave_pods, spider_nest_entry_rubble,
          ebering_ghost_xom, basic_altar
Lair:3:   layout_concentric_octagons, minmay_shoals_entry_beasts,
          serial_bayou_pond_b, uniq_rupert
Lair:4:   layout_loops_ring, enter_volcano_3, uniq_nessos
Lair:5:   minmay_lair_end_enchanted_forest, layout_cave_pods, slime_entry_1
Orc:1:    layout_caves, nicolae_orc_sculptors_studio, bh_open_orc_temple
Orc:2:    st_orc_pillars, layout_diamond_mine, nicolae_shop_firing_range

Skill      XL: |  1  2  3  4  5  6  7  8  9 10 11 12 13 14 15 |
---------------+----------------------------------------------+-----
Fighting       | 4 5 7 9 10 12 13 15 16 | 16.4
Axes           | 4 5 6 8 10 12 14 16 18 20 22 23 | 23.5
Armour         | 3 4 5 6 7 8 9 11 12 13 14 | 14.6
Dodging        | 3 4 5 6 7 8 |  8.2
Stealth        | 1 2 3 4 |  4.6
Shields        | 1 3 5 6 |  6.0
Evocations     | |  0.8

Action                     |  1- 3 |  4- 6 |  7- 9 | 10-12 | 13-15 || total
---------------------------+-------+-------+-------+-------+-------++-------
  Melee: Hand axe          |   223 |   107 |       |       |       ||   330
         Headbutt          |    61 |    20 |    27 |    76 |   120 ||   304
         Punch             |     1 |     2 |     4 |     1 |     2 ||    10
         War axe           |       |    93 |   182 |    75 |       ||   350
         Battleaxe         |       |       |       |   114 |       ||   114
         Executioner's axe |       |       |       |   173 |   520 ||   693
         Broad axe         |       |       |       |       |   168 ||   168
 Invoke: Berserk           |     1 |       |     2 |     6 |     3 ||    12
         Brothers in Arms  |       |       |       |     1 |     6 ||     7
  Evoke: Wand              |       |       |     3 |     2 |     2 ||     7
    Use: Potion            |       |     1 |       |       |    11 ||    12
         Scroll            |       |       |    19 |    12 |     3 ||    34
   Stab: Sleeping          |       |       |     7 |     4 |       ||    11
         Petrified         |       |       |       |       |     2 ||     2
         Distracted        |       |       |       |       |     1 ||     1
 Armour: Animal skin       |    11 |       |       |       |       ||    11
         Scale mail        |    24 |    19 |       |       |       ||    43
         Ring mail         |       |    69 |   143 |    53 |       ||   265
         Plate armour      |       |       |       |    42 |       ||    42
         Chain mail        |       |       |       |   152 |   570 ||   722
         Skin              |       |       |       |       |     5 ||     5
  Dodge: Dodged            |    46 |   147 |   167 |   236 |   584 ||  1180
  Block: Other             |       |       |       |     8 |   179 ||   187
         Reflection        |       |       |       |       |    10 ||    10
